 Dungeon Crawl Stone Soup version 0.30-a0-313-gae38170b09 (webtiles) character file.

Game seed: 3458375330246828619

5607 KennySheep the Destroyer (level 10, -10/115 HPs)
             Began as a Demigod Conjurer on Oct 27, 2022.
             Mangled by a vampire
             ... wielding a +0 vampiric halberd
              (15 damage)
             ... in a bailey.
             The game lasted 00:42:42 (10701 turns).

KennySheep the Destroyer (Demigod Conjurer)        Turns: 10701, Time: 00:42:42

Health: -10/115    AC: 25    Str:  7      XL:     10   Next: 22%
Magic:  19/22      EV:  2    Int: 23 (31) God:
Gold:   603        SH:  0    Dex: 16      Spells: 6/20 levels left

rFire   + . .      SeeInvis .    a - staff of death
rCold   + . .      Faith    .    l - orb {*channel}
rNeg    + + .      Spirit   .    (body armour currently unavailable)
rPois   +          Reflect  .    (helmet currently unavailable)
rElec   +          Harm     .    (cloak currently unavailable)
rCorr   +          Rampage  .    (gloves currently unavailable)
Will    +....      NoTele   +    (boots currently unavailable)
Stlth   ++........               v - amulet of magic regeneration
HPRegen 0.39/turn                x - ring of flight
MPRegen 0.58/turn                F - ring of positive energy

@: mighty, tree-form (expiring), resistant
A: stationary, stasis, torment immunity, boosted hp, high MP 1, forlorn, divine
attributes, agile 1, devolution 1
a: no special abilities


You were in a bailey.
You were a tree.
You visited 1 branch of the dungeon, and saw 9 of its levels.
You also visited: Sewer and Bailey.

You collected 603 gold pieces.

Inventory:

Hand Weapons
 b - a +0 dagger of venom
 g - a +0 dagger
Armour
 k - the +2 pair of gloves of the Armoured One (melded) {rF+ Str+5 Stlth+}
   (You acquired it on level 9 of the Dungeon)

   Str:       It affects your strength (+5).
   rF:        It protects you from fire.
   Stlth:     It makes you more stealthy.
 l - an orb of energy (worn)
 L - a +0 robe (melded)
Magical Staves
 a - a staff of death (weapon)
Jewellery
 c - a ring of resist corrosion
 i - a ring of fire
 v - an amulet of magic regeneration (around neck)
 x - a ring of flight (left branch)
 F - a ring of positive energy (right branch)
 I - a +6 ring of dexterity
Wands
 m - a wand of charming (18)
 t - a wand of polymorph (8)
Scrolls
 e - 2 scrolls of fog
 j - 7 scrolls of teleportation
 n - 2 scrolls of noise
 p - 2 scrolls of enchant weapon
 q - 2 scrolls of vulnerability
 s - a scroll of blinking
 u - 2 scrolls of poison
 D - a scroll of enchant armour
 J - a scroll of immolation
Potions
 f - a potion of mutation
 h - a potion of haste
 r - 5 potions of flight
 C - 2 potions of lignification
 E - a potion of invisibility
 K - 3 potions of magic


   Skills:
 + Level 3.6 Fighting
 + Level 2.5 Staves
 - Level 1.7 Dodging
 - Level 1.7 Stealth
 + Level 5.5 Spellcasting
 - Level 8.1 Conjurations
 - Level 1.6 Hexes
 * Level 3.6 Necromancy
 - Level 6.0 Translocations
 * Level 6.4 Evocations


You had 6 spell levels left.
You knew the following spells:

 Your Spells              Type           Power      Damage    Failure   Level
a - Magic Dart            Conj           100%       1d8       1%          1
b - Searing Ray           Conj           86%        2d7       1%          2
c - Iskenderun's Mystic   Conj/Tloc      38%        2d9       4%          4
d - Fulminant Prism       Conj/Hex       14%        3d9       12%         4
z - Vampiric Draining     Necr           34%        2d8       6%          3

Your spell library contained the following spells:

 Spells                   Type           Power      Damage    Failure   Level
 Apportation              Tloc           66%        N/A       1%          1
 Necrotise                Necr           100%       1d9       1%          1
 Dazzling Flash           Conj/Hex       56%        N/A       3%          3
 Slow                     Hex            52%        N/A       4%          1
 Summon Small Mammal      Summ           24%        N/A       9%          1
 Cigotuvi's Dreadful Rot  Necr/Pois/Air  34%        N/A       9%          2
 Mephitic Cloud           Conj/Pois/Air  18%        N/A       9%          3
 Poisonous Vapours        Pois/Air       12%        N/A       14%         2
 Confusing Touch          Hex            13%        N/A       14%         3
 Inner Flame              Hex/Fire       10%        N/A       19%         3
 Cause Fear               Hex            6%         N/A       41%         4
 Agony                    Necr           34%        N/A       50%         5
 Borgnjor's Revivificati  Necr           17%        N/A       100%        8
 Discord                  Hex            6%         N/A       100%        8
 Necromutation            Tmut/Necr      11%        N/A       100%        8
 Death's Door             Necr           17%        N/A       100%        9


Dungeon Overview and Level Annotations

Branches:
Dungeon (9/15)             Temple (0/1) D:7           Sewer (visited)
 Bailey (1/1)
   Lair: D:8-11         Orc: D:9-12


Innate Abilities, Weirdness & Mutations

You are a tree.
Your roots penetrate the ground, keeping you stationary.
You cannot be teleported.
You are immune to unholy pain and torment.
Your maximum health is greatly increased.
Your equipment is partially melded.
You have an increased reservoir of magic. (+10% MP)
You shall have no god before yourself.
Your divine heritage dramatically boosts your attributes as you level up.
You are agile. (Dex +4, Str/Int -1)
You have hidden genetic defects.


Message History

Casting: Fulminant Prism (dangerous; 12% risk of failure)
Confirm with . or Enter, or press ? or * to list all spells.
Aiming: Fulminant Prism (dangerous; 12% risk of failure)
Press: ? - help, Dir - move target You conjure a prism of explosive energy!
A fulminant prism comes into view.
Something hits you but does no damage. Something bites you but does no damage.
Something hits you!
* * * LOW HITPOINT WARNING * * *
Something bites you but does no damage.
Your fulminant prism crackles loudly.
You cannot move.
You hit something but do no damage.
Your transformation is almost over.
Something draws life force from you.
* * * LOW HITPOINT WARNING * * *
Your fulminant prism explodes!
The blast of energy engulfs something.
You feel very mighty all of a sudden. Something hits you but does no damage.
Something bites you but does no damage.
You hit something but do no damage. Something draws life force from you.
* * * LOW HITPOINT WARNING * * *
You hit something. Something hits you!
* * * LOW HITPOINT WARNING * * *
Something bites you.
* * * LOW HITPOINT WARNING * * *
Okay, then.
You cannot blink because you are held in place by your roots.
Unknown command.
Okay, then.
Magic courses through your body. Something draws life force from you.
* * * LOW HITPOINT WARNING * * *
Casting: Fulminant Prism (dangerous; 12% risk of failure)
Confirm with . or Enter, or press ? or * to list all spells.
Aiming: Fulminant Prism (dangerous; 12% risk of failure)
Press: ? - help, Dir - move target You conjure a prism of explosive energy!
A fulminant prism comes into view.
Something hits you!
You die...

##.≈≈# ######..+
####..≈≈# .....#..###
##..#..≈≈# .....#'##..
#......≈≈# ..........
#.∩...#########.......♣
#......))............♣.
#.....................♣
#.∩*.{#########........
#.....♣≈≈Z####.........
##..#..≈≈.#..+.........
####..≈≈.#..#...♣.....
##.≈≈.#..#..♣......
##≈≈.#..#....♣)...
♣≈≈.#).#....♣)###
♣≈≈.#..#......#..
♣≈≈))..'......#.)
♣≈≈.#####.)...#).


You could see a wolf zombie (ally target) and a friendly fulminant prism.

Vanquished Creatures
  A two-headed ogre (D:8)
  A gargoyle (Bailey)
  Prince Ribbit (D:7)
  2 hornets
  Edmund (D:4)
  A water moccasin (D:8)
  Duvessa (D:5)
  2 orc warriors (D:8)
  3 black bears
  3 ice beasts
  5 ogres
  2 centaurs
  3 kobold brigands
  3 bullfrogs
  2 necrophages (D:5)
  A scorpion (D:5)
  Dowan (D:5)
  4 killer bees (D:8)
  9 vampire bats (Bailey)
  2 howler monkeys
  5 wolf zombies (Bailey)
  3 jellies
  3 orc priests
  5 hounds
  2 iguanas
  Ijyb (D:3)
  Natasha (thrice) (D:3)
  A merfolk siren (Sewer)
  7 orc wizards
  A merfolk avatar (Sewer)
  3 gnolls (D:2)
  5 river rats
  12 adders
  A white imp (D:6)
  2 ufetubi
  3 worms (D:3)
  4 dart slugs
  21 orcs
  8 endoplasms
  2 giant cockroaches (Sewer)
  9 goblins
  11 hobgoblins
  6 jackals (D:1)
  17 kobolds
  7 quokkas
  15 ball pythons
  4 bats
  6 frilled lizards
  19 orc zombies (Bailey)
  25 rats
259 creatures vanquished.

Vanquished Creatures (others)
  2 orcs (D:8)
  29 fulminant prisms
  8 plants (D:7)
39 creatures vanquished.

Grand Total: 298 creatures vanquished

Notes
Turn   | Place    | Note
-------+----------+-------------------------------------------
     0 | D:1      | KennySheep the Demigod Conjurer began the quest for the
                  | Orb.
     0 | D:1      | Reached XP level 1. HP: 14/14 MP: 5/5
   314 | D:1      | Reached XP level 2. HP: 20/20 MP: 1/7
   389 | D:1      | Reached skill level 1 in Translocations
   498 | D:1      | Learned a level 2 spell: Searing Ray
   685 | D:1      | Reached skill level 4 in Conjurations
  1050 | D:1      | Reached XP level 3. HP: 26/26 MP: 6/8
  1406 | D:2      | Reached XP level 4. HP: 33/33 MP: 0/10
  1508 | D:2      | Learned a level 4 spell: Iskenderun's Mystic Blast
  2161 | D:3      | Noticed Ijyb
  2392 | D:3      | Killed Ijyb
  2646 | D:3      | Noticed Natasha
  2654 | D:3      | Killed Natasha
  2655 | D:3      | Reached XP level 5. HP: 38/38 MP: 2/11
  2666 | D:3      | Noticed Natasha
  2679 | D:3      | Killed Natasha
  2694 | D:3      | Noticed Natasha
  2697 | D:3      | Killed Natasha
  2698 | D:3      | Reached skill level 1 in Evocations
  3139 | D:4      | Noticed Edmund
  3211 | D:4      | Noticed an ogre
  3220 | D:4      | Killed an ogre
  3221 | D:4      | Reached skill level 5 in Conjurations
  3221 | D:4      | Reached XP level 6. HP: 45/45 MP: 7/13
  3425 | D:4      | Killed Edmund
  3648 | D:4      | Reached XP level 7. HP: 50/50 MP: 4/15
  4296 | D:5      | Entered Level 5 of the Dungeon
  4573 | D:5      | Reached skill level 6 in Conjurations
  4801 | D:5      | Reached skill level 5 in Translocations
  4908 | D:5      | Noticed Dowan
  4909 | D:5      | Noticed Duvessa
  4930 | D:5      | Killed Dowan
  4931 | D:5      | Reached XP level 8. HP: 48/57 MP: 4/17
  4932 | D:5      | Killed Duvessa
  5730 | D:6      | Found a glowing drain.
  5738 | Sewer    | Entered a sewer
  6387 | Sewer    | Reached skill level 7 in Conjurations
  7579 | D:7      | Reached skill level 1 in Fighting
  7704 | D:7      | Found a staircase to the Ecumenical Temple.
  7902 | D:7      | Learned a level 4 spell: Fulminant Prism
  7966 | D:7      | Noticed Prince Ribbit
  8240 | D:7      | Killed Prince Ribbit
  8241 | D:7      | Reached XP level 9. HP: 38/67 MP: 9/19
  8354 | D:7      | Reached skill level 1 in Hexes
  8607 | D:7      | Reached skill level 8 in Conjurations
  8960 | D:6      | Learned a level 3 spell: Vampiric Draining
  9135 | D:8      | Reached skill level 5 in Evocations
  9181 | D:8      | Noticed a cyclops
  9182 | D:8      | Noticed a cyclops
  9182 | D:8      | Noticed a six-headed hydra
  9328 | D:8      | Noticed a centaur warrior
  9334 | D:8      | Noticed an efreet
  9334 | D:8      | Noticed a tengu conjurer
  9335 | D:8      | Noticed a centaur warrior
  9346 | D:8      | Noticed a manticore
  9351 | D:8      | Noticed a two-headed ogre
  9354 | D:8      | Reached skill level 1 in Staves
  9354 | D:8      | Reached skill level 5 in Spellcasting
  9354 | D:8      | Reached skill level 1 in Necromancy
  9359 | D:8      | Killed a two-headed ogre
  9844 | D:8      | Reached XP level 10. HP: 65/77 MP: 13/21
  9931 | D:9      | Identified a scroll of acquirement
  9933 | D:9      | Acquired the +2 pair of gloves of the Armoured One {rF+
                  | Str+5 Stlth+}
 10049 | D:9      | Found a flagged portal.
 10059 | D:9      | Identified the +3 halberd "Ulefypne" {flame, Contam rElec
                  | rN+ rCorr}
 10062 | Bailey   | Entered a bailey
 10664 | Bailey   | Gained mutation: You have hidden genetic defects. [potion
                  | of mutation]
 10664 | Bailey   | Gained mutation: You are agile. (Dex +4, Str/Int -1)
                  | [potion of mutation]
 10700 | Bailey   | HP: 5/115 [something (2)]
 10701 | Bailey   | Mangled by a vampire

Illustrated notes

Levels and vault maps discovered:
D:1:      ncdulo_watergridlock, layout_basic
D:2:      layout_rooms, roderic_three_in_a_row, minmay_pentomino_q4
D:3:      layout_rooms, chequers_serial_rivers_large_a, uniq_natasha, uniq_ijyb
D:4:      layout_cave_pods, nicolae_uskayaw_dance_hall, uniq_edmund
D:5:      layout_basic, minmay_fractal_squares_gapless_5, uniq_duvessa
D:6:      layout_loops_cross, mainiacjoe_overflow_six_doors_small,
          lightli_sewer_entry_pipes
D:7:      layout_cave_pods, minmay_temple_entry_gardened_gates,
          uniq_prince_ribbit1
D:8:      layout_basic, overflow_temple_1_default, minivault_12
D:9:      layout_gridville, mainiacjoe_overflow_24_doors, enter_bailey_2,
          uniq_erolcha
Bailey:   bailey_polearm_vampire_castle_hellmonk, bailey

Skill      XL: |  1  2  3  4  5  6  7  8  9 10 |
---------------+-------------------------------+-----
Translocations | 1 2 3 4 5 6 |  6.0
Spellcasting   | 2 3 4 5 |  5.5
Conjurations   | 4 5 6 7 8 |  8.1
Evocations     | 1 2 4 5 6 |  6.4
Fighting       | 1 3 |  3.6
Hexes          | 1 |  1.6
Staves         | 2 |  2.5
Necromancy     | 2 3 |  3.6
Dodging        | |  1.7
Stealth        | |  1.7

Action                   |  1- 3 |  4- 6 |  7- 9 | 10-12 || total
-------------------------+-------+-------+-------+-------++-------
Melee: Unarmed           |     4 |    11 |       |       ||    15
       Dagger            |     1 |     8 |    24 |       ||    33
       Staff             |       |       |    18 |    15 ||    33
 Cast: Magic Dart        |    94 |    93 |   109 |       ||   296
       Searing Ray       |       |    15 |    56 |    28 ||    99
       Iskenderun's Myst |       |       |    15 |     7 ||    22
       Fulminant Prism   |       |       |    19 |    11 ||    30
       Vampiric Draining |       |       |    10 |     3 ||    13
  Use: Scroll            |       |       |    10 |     6 ||    16
       Potion            |       |       |     6 |     8 ||    14
 Stab: Confused          |       |     1 |       |       ||     1
Armor: Robe              |     3 |     5 |    20 |    15 ||    43
       Skin              |       |       |       |    32 ||    32
Dodge: Dodged            |    16 |    18 |    94 |    48 ||   176

Table legend: (Time is in decaauts)
 A = Elapsed time spent in this place.
 B = Non-inter-level travel time spent in this place.
 C = Inter-level travel time spent in this place.
 D = Time resting spent in this place.
 E = Time spent auto-exploring this place.
 F = Levels seen in this place.
 G = Mean time per level.
                   A        B        C        D        E       F      G
               +--------+--------+--------+--------+--------+-----+--------+
         Total |  10771 |  10525 |    246 |   1731 |   6904 |  11 |  979.2 |
       Dungeon |   9220 |   8974 |    246 |   1273 |   6273 |   9 | 1024.4 |
         Sewer |    910 |    910 |      0 |    173 |    520 |   1 |  910.0 |
        Bailey |    640 |    640 |      0 |    285 |    110 |   1 |  640.0 |
               +--------+--------+--------+--------+--------+-----+--------+

Top non-repeatable levels by time:
     D:5: 1357 daAuts
     D:7: 1250 daAuts
     D:1: 1163 daAuts
     D:6: 1129 daAuts
     D:4: 1124 daAuts
     D:3: 1075 daAuts
     D:8: 1052 daAuts
     D:2: 935 daAuts
   Sewer: 910 daAuts
  Bailey: 640 daAuts
     D:9: 132 daAuts
